 Dungeon Crawl Stone Soup version 0.31-a0-239-g0a1456f148 (webtiles) character file.

Game seed: 1729025753040193856

14 qw the Shooter (level 2, 0/16 HPs)
             Began as a Gargoyle Hexslinger on July 11, 2023.
             Slain by a worm (1 damage)
             ... on level 2 of the Dungeon.
             The game lasted 00:00:11 (695 turns).

qw the Shooter (Gargoyle Hexslinger)                 Turns: 695, Time: 00:00:12

Health: 0/16       AC:  7    Str: 11    XL:     2   Next: 45%
Magic:  3/3        EV: 10    Int: 13    God:
Gold:   24         SH:  0    Dex: 12    Spells: 2/3 levels left

rFire   . . .        Y - +1 sling
rCold   . . .        (no shield)
rNeg    + . .        d - +0 ring mail
rPois   inf          (no helmet)
rElec   +            (no cloak)
rCorr   .            (no gloves)
SInv    .            (no boots)
Will    .....        (no amulet)
Stlth   +            (no ring)
HPRegen 0.22/turn    (no ring)
MPRegen 0.08/turn

%: no passive effects
@: no status effects
A: sickness immunity, AC +2, negative energy resistance 1, electricity
resistance, torment resistance 1, petrification resistance
a: no special abilities


You were on level 2 of the Dungeon.
You visited 1 branch of the dungeon, and saw 2 of its levels.

You collected 24 gold pieces.


Innate Abilities, Weirdness & Mutations

You are immune to sickness and miasma.
Your stone body is resilient. (AC +2)
You are immune to poison.
You resist negative energy. (rN+)
You are resistant to electric shocks. (rElec)
You are resistant to unholy torment.
You are immune to petrification.


   Skills:
 + Level 1.2 Fighting
 - Level 3.0 Ranged Weapons
 - Level 1.5 Dodging
 - Level 1.0 Spellcasting
 - Level 2.6 Hexes


You had 2 spell levels left.
You knew the following spells:

 Your Spells              Type           Power      Damage    Failure   Level
a - Slow                  Hex            28%        N/A       22%         1

Your spell library contained the following spells:

 Spells                   Type           Power      Damage    Failure   Level
 Inner Flame              Hex/Fire       4%         N/A       75%         3
 Portal Projectile        Hex/Tloc       8%         N/A       75%         3
 Cause Fear               Hex            3%         N/A       92%         4

Inventory:

Hand Weapons
 Y - a +1 sling (weapon)
Armour
 d - a +0 ring mail (worn)
Potions
 a - a potion of brilliance {unknown}

Dungeon Overview and Level Annotations

Branches:
Dungeon (2/15)

Altars:


Message History

The jackal bites you.
The jackal bites you but does no damage.
You shoot a sling bullet. The sling bullet hits the jackal.
The jackal is severely wounded.
The jackal bites you but does no damage.
The jackal barely misses you. x2
You shoot a sling bullet. The sling bullet hits the jackal.
The jackal is almost dead.
The jackal barely misses you. The jackal closely misses you.
The jackal barely misses you.
The jackal bites you but does no damage.
You shoot a sling bullet.
The sling bullet barely misses the jackal.
The sling bullet misses the jackal.
The jackal barely misses you.
The jackal bites you but does no damage. x2
You shoot a sling bullet.
The sling bullet closely misses the jackal.
The sling bullet barely misses the jackal.
The jackal bites you but does no damage. x2
The jackal barely misses you.
You shoot a sling bullet. The sling bullet hits the jackal.
You kill the jackal!
The jackal closely misses you. The jackal barely misses you.
The jackal bites you. The worm bites you but does no damage.
You shoot a sling bullet. The sling bullet misses the jackal.
The jackal barely misses you. The jackal misses you.
The jackal bites you but does no damage.
The jackal closely misses you. The worm bites you.
You shoot a sling bullet.
The sling bullet barely misses the jackal.
The jackal bites you but does no damage. x3
The jackal closely misses you. The worm bites you!
Ouch! That really hurt!
You shoot a sling bullet. The sling bullet hits the jackal.
The jackal is severely wounded.
The jackal bites you.
The jackal bites you but does no damage. x2
The jackal closely misses you. The worm bites you.
You die...

# #..#..##..
#.^##.........#
#....<.# .....###.
#.####.###........
#................
######.###......
#........#
#.###.#..#
#....@h..#
#.###wh...... #.#
#...$.... ...
#........ ....
#....###.
..._.......#
#.......#...#
#....... ....


You could see a worm and 2 jackals.

Vanquished Creatures
  4 endoplasms
  A giant cockroach (D:1)
  A goblin (D:1)
  A jackal (D:2)
  2 kobolds
  A quokka (D:1)
  2 rats (D:1)
12 creatures vanquished.

Notes
Turn   | Place    | Note
-------+----------+-------------------------------------------
     0 | D:1      | qw the Gargoyle Hexslinger began the quest for the Orb.
     0 | D:1      | Reached XP level 1. HP: 12/12 MP: 2/2
     0 | D:1      | 0 ||| qw: Version: 0.3-a-52-g30416fa
     0 | D:1      | 0 ||| qw: Game counter: 5892
     0 | D:1      | 0 ||| qw: Melee chars always use a shield: true
     0 | D:1      | 0 ||| qw: God list: Okawaru
     0 | D:1      | 0 ||| qw: Allow faded altars: false
     0 | D:1      | 0 ||| qw: Do Orc after clearing Dungeon:15 true
     0 | D:1      | 0 ||| qw: Do second Lair branch before Depths: true
     0 | D:1      | 0 ||| qw: Lair rune preference: random
     0 | D:1      | 0 ||| qw: Goals: Normal
     0 | D:1      | 0 ||| PLANNING D:1-11
   244 | D:1      | Reached XP level 2. HP: 16/16 MP: 3/3
   627 | D:1      | 627 ||| UPGRADING to +0 ring mail.
   637 | D:1      | 637 ||| DROPPING +0 robe.
   638 | D:1      | 638 ||| READING scroll labelled RIPHEA VIHE.
   643 | D:1      | 643 ||| DROPPING scroll of poison.
   669 | D:2      | Found a faded altar of an unknown god.
   686 | D:2      | Reached skill level 3 in Ranged Weapons
   694 | D:2      | HP: 2/16 [worm (9)]
   695 | D:2      | Slain by a worm

Levels and vault maps discovered:
D:1:      dpeg_arrival_concentric_ovals, layout_loops_cross
D:2:      layout_basic, ebering_ecumenical_altar_sacrificial, kennysheep_boxes

Skill      XL: |  1  2 |
---------------+-------+-----
Ranged Weapons | 3 |  3.0
Fighting       | |  1.2
Dodging        | |  1.5
Spellcasting   | |  1.0
Hexes          | |  2.6

Action                     || total
---------------------------++-------
   Fire: Sling             ||    37
    Use: Scroll            ||     1
 Armour: Ring mail         ||    18
  Dodge: Dodged            ||    16

Table legend:
 A = Non-vault XP
 B = Vault XP
 C = Vault XP percentage of total XP
 D = Non-vault monster count
 E = Vault monster count
 F = Vault count percentage of total count
                 A         B        C        D         E       F
            +---------+---------+-------+---------+---------+-------
      Total |      21 |       0 |   0.0 |      12 |       0 |   0.0
            +---------+---------+-------+---------+---------+-------
        D:1 |      16 |       0 |   0.0 |       9 |       0 |   0.0
        D:2 |       5 |       0 |   0.0 |       3 |       0 |   0.0
            +---------+---------+-------+---------+---------+-------
